 Dungeon Crawl Stone Soup version 0.30-a0-782-ge64f9170bb (webtiles) character file.

Game seed: 4351895558954744671

12 holysushi the Shooter (level 2, 0/19 HPs)
             Began as an Octopode Hunter on Feb 19, 2023.
             Slain by a jackal (2 damage)
             ... on level 1 of the Dungeon.
             The game lasted 00:00:17 (111 turns).

holysushi the Shooter (Octopode Hunter)              Turns: 111, Time: 00:00:18

Health: 0/19       AC:  1    Str: 10    XL:     2   Next: 33%
Magic:  2/2        EV: 13    Int: 11    God:
Gold:   20         SH:  0    Dex: 15    Spells: 1/1 levels left

rFire   . . .      SeeInvis .    a - +0 shortbow
rCold   . . .      Faith    .    (shield currently unavailable)
rNeg    . . .      Spirit   .    (helmet restricted)
rPois   .          Reflect  .    (no amulet)
rElec   .          Harm     .    (no ring)
rCorr   .          Rampage  .    (no ring)
Will    .....                    (no ring)
Stlth   +++                      (no ring)
HPRegen 0.23/turn                (no ring)
MPRegen 0.08/turn                (no ring)
                                 (no ring)
                                 (no ring)

@: no status effects
A: almost no armour, amphibious, 8 rings, camouflage 1, gelatinous body 1,
(nimble swimmer 1), tentacles
a: no special abilities


You were on level 1 of the Dungeon.
You visited 1 branch of the dungeon, and saw 1 of its levels.

You collected 20 gold pieces.

Inventory:

Hand Weapons
 a - a +0 shortbow (weapon)
Scrolls
 b - a scroll of immolation
 e - a scroll of vulnerability {unknown}
Potions
 c - a potion of attraction {unknown}
 d - a potion of heal wounds {unknown}


   Skills:
 - Level 2.0 Fighting
 + Level 4.5 Ranged Weapons
 - Level 2.0 Dodging
 - Level 1.3 Stealth


You had one spell level left.
You didn't know any spells.
Your spell library was empty.

Dungeon Overview and Level Annotations

Branches:
Dungeon (1/15) Zot: 5880

Altars:


Innate Abilities, Weirdness & Mutations

You cannot wear most types of armour.
You are amphibious.
You can wear up to eight rings at the same time.
Your skin changes colour to match your surroundings (Stealth+).
Your rubbery body absorbs attacks. (AC +1, EV +1)
((You are camouflaged when in or above water. (Stealth+)))
You have tentacles for arms and can constrict up to eight enemies at once.


Message History

You kill the jackal!
The jackal bites you but does no damage.
The jackal barely misses you. The kobold hits you with a +0 dagger.
The jackal bites you. The jackal misses you. The jackal bites you.
The jackal attacks as you move away! The jackal misses you.
The jackal barely misses you. The jackal barely misses you.
The jackal attacks as you move away! The jackal closely misses you.
The jackal bites you. The jackal attacks as you move away!
The jackal closely misses you. The jackal closely misses you.
The jackal attacks as you move away! The jackal closely misses you.
Fire: a) +0 shortbow
Press: ? - help, Q - select action Shift-Dir - straight line, f - jackal
Aim: a jackal (55% to hit)
You shoot an arrow. The arrow hits the jackal.
The jackal is severely wounded.
The jackal completely misses you. The jackal bites you.
Fire: a) +0 shortbow
Press: ? - help, Q - select action Shift-Dir - straight line, f/p - jackal
Aim: a jackal (severely wounded, 55% to hit)
You shoot an arrow. The arrow closely misses the jackal.
The arrow hits the jackal but does no damage.
The jackal bites you.
* * * LOW HITPOINT WARNING * * *
The jackal bites you.
* * * LOW HITPOINT WARNING * * *
Fire: a) +0 shortbow
Press: ? - help, Q - select action Shift-Dir - straight line, f/p - jackal
Aim: a jackal (severely wounded, 55% to hit)
You shoot an arrow. The arrow hits the jackal!
You kill the jackal!
The jackal bites you but does no damage.
Fire: a) +0 shortbow
Press: ? - help, Q - select action Shift-Dir - straight line, f - jackal
Aim: a jackal (55% to hit)
You shoot an arrow. The arrow hits the jackal.
The jackal is lightly wounded.
The jackal bites you.
You die...

†.##♣......∩#
...##♣.♣.###.
##.####### ###
#...#.#### # ..
###......#.# .. ..
###.##...# .# ..
#...##### .# .#
###.....####.# .
#####†rKh@.# #.
#..######
#.#######.......#
...#.†.....K.......#
......†....##......#
...####(############
###


You could see a quokka, a jackal and a kobold.

Vanquished Creatures
  A dart slug (D:1)
  A hobgoblin (D:1)
  5 jackals (D:1)
  A bat (D:1)
  A rat (D:1)
9 creatures vanquished.

Notes
Turn   | Place    | Note
-------+----------+-------------------------------------------
     0 | D:1      | holysushi the Octopode Hunter began the quest for the Orb.
     0 | D:1      | Reached XP level 1. HP: 14/14 MP: 1/1
    60 | D:1      | Reached XP level 2. HP: 19/19 MP: 2/2
   111 | D:1      | Slain by a jackal

Illustrated notes

Levels and vault maps discovered:
D:1:      nzn_arrival_settlement, layout_rooms, serial_bayou_crossing

Action                     || total
---------------------------++-------
   Fire: Shortbow          ||    25
 Armour: Skin              ||     3
  Dodge: Dodged            ||    21

Table legend: (Time is in decaauts)
 A = Elapsed time spent in this place.
 B = Non-inter-level travel time spent in this place.
 C = Inter-level travel time spent in this place.
 D = Time resting spent in this place.
 E = Time spent auto-exploring this place.
 F = Levels seen in this place.
 G = Mean time per level.
                   A        B        C        D        E       F      G
               +--------+--------+--------+--------+--------+-----+--------+
         Total |    117 |    117 |      0 |      0 |     59 |   1 |  117.0 |
       Dungeon |    117 |    117 |      0 |      0 |     59 |   1 |  117.0 |
               +--------+--------+--------+--------+--------+-----+--------+

Top non-repeatable levels by time:
     D:1: 117 daAuts
